 Dungeon Crawl Stone Soup version 0.29.1-1-gd02db6906a (webtiles) character file.

Game seed: 12855661012744921301

2867 sanboga the Cleaver (level 9, -16/72 HPs)
             Began as a Minotaur Fighter on Sept 29, 2022.
             Was a Follower of Hepliaklqana.
             Demolished by an orc knight
             ... wielding a +0 halberd
              (22 damage)
             ... in a bailey.
             The game lasted 00:09:29 (6527 turns).

sanboga the Cleaver (Minotaur Fighter)              Turns: 6527, Time: 00:09:29

Health: -16/72     AC: 14    Str: 26    XL:     9   Next: 47%
Magic:  8/8        EV:  7    Int:  5    God:    Hepliaklqana [*.....]
Gold:   324        SH: 10    Dex:  9    Spells: 8/8 levels left

rFire   + . .      SeeInvis .   j - +0 hand axe (vamp)
rCold   + . .      Faith    .   c - +0 buckler
rNeg    . . .      Spirit   .   o - +0 plate armour
rPois   .          Reflect  +   (helmet restricted)
rElec   .          Harm     .   H - scarf {rC+ rF+}
rCorr   .          Rampage  .   (no gloves)
Will    +....                   y - +0 pair of boots
Stlth   ..........              r - amulet of reflection
HPRegen 0.22/turn               i - ring of flight
MPRegen 0.11/turn               w - ring of willpower

@: flying
A: reduced essence, horns 2, retaliatory headbutt
a: Renounce Religion, Recall Ancestor, Ancestor Identity


You were in a bailey.
You worshipped Hepliaklqana.
Hepliaklqana was aware of your devotion.
You visited 2 branches of the dungeon, and saw 9 of its levels.
You also visited: Bailey.

You collected 324 gold pieces.

Inventory:

Hand Weapons
 a - a +0 war axe
 j - a +0 vampiric hand axe (weapon)
Armour
 c - a +0 buckler (worn)
 o - a +0 plate armour (worn)
 y - a +0 pair of boots (worn)
 H - a scarf of resistance (worn)
Jewellery
 i - a ring of flight (left hand)
 p - the ring of Ysol {rElec rPois rF+++ Int-5 Stlth+}
   (You found it on level 7 of the Dungeon)

   [ring of poison resistance]

   Int:       It affects your intelligence (-5).
   rF:        It renders you almost immune to fire.
   rElec:     It insulates you from electricity.
   rPois:     It protects you from poison.
   Stlth:     It makes you more stealthy.
 r - an amulet of reflection (around neck)
 w - a ring of willpower (right hand)
Wands
 B - a wand of flame (31)
Scrolls
 b - a scroll of acquirement {unknown}
 d - 3 scrolls of teleportation {unknown}
 h - 4 scrolls of noise {unknown}
 k - 3 scrolls of immolation {unknown}
 l - a scroll of magic mapping
 n - a scroll of summoning
 u - 3 scrolls of enchant armour
 A - a scroll of fear
 C - a scroll of enchant weapon
Potions
 e - a potion of heal wounds
 f - 2 potions of lignification {unknown}
 g - 2 potions of cancellation
 m - a potion of haste
 s - 3 potions of ambrosia
 z - a potion of resistance {unknown}
 E - 2 potions of curing {unknown}
 F - a potion of mutation {unknown}


   Skills:
 + Level 7.9 Fighting
 * Level 10.2 Axes
 + Level 8.0 Armour
 + Level 7.9 Shields


You had 8 spell levels left.
You didn't know any spells.
Your spell library contained the following spells:

 Spells                   Type           Power      Damage    Failure   Level
 Necrotise                Necr           0%         1d4       100%        1
 Sandblast                Erth           0%         2d4       100%        1
 Blink                    Tloc           0%         N/A       100%        2
 Passwall                 Tmut/Erth      0%         N/A       100%        2
 Confusing Touch          Hex            0%         N/A       100%        3
 Stone Arrow              Conj/Erth      0%         3d7       100%        3
 Vampiric Draining        Necr           0%         2d6       100%        3
 Agony                    Necr           0%         N/A       100%        5
 Manifold Assault         Tloc           0%         N/A       100%        5
 Yara's Violent Unravell  Hex/Tmut       0%         3d3       100%        5
 Enfeeble                 Hex            0%         N/A       100%        7
 Storm Form               Tmut/Air       0%         N/A       100%        7


Dungeon Overview and Level Annotations

Branches:
Dungeon (8/15)             Temple (1/1) D:5            Lair (0/5) D:8
 Bailey (1/1)

Altars:
Ashenzari
Cheibriados
Dithmenos
Elyvilon
Fedhas
Gozag
Hepliaklqana
Kikubaaqudgha
Makhleb
Nemelex Xobeh
Qazlal
Ru
Sif Muna
Trog
Uskayaw
Vehumet
Wu Jian
Xom
Yredelemnul
Zin
The Shining One

Annotations:
D:5 3 runed translucent doors, TheSexyCheese's ghost, novice HOBe; karrick's ghost, amateur GrFi Bailey 2 runed translucent doors


Innate Abilities, Weirdness & Mutations

Your life essence is reduced to manifest your ancestor. (-10% HP)
You have a pair of horns on your head.
You reflexively headbutt those who attack you in melee.


Message History

The orc knight hits you with a +0 halberd.
* * * LOW HITPOINT WARNING * * *
You closely miss the orc knight.
The orc knight is severely wounded.
You feel much better. You block the orc knight's attack.
You hit the orc knight but do no damage.
The orc knight is severely wounded.
The orc knight hits you with a +0 halberd.
You closely miss the orc knight.
You headbutt the orc knight, but do no damage.
The orc knight is severely wounded.
The orc knight closely misses you.
You hit the orc knight.
The orc knight is severely wounded.
The orc knight hits you with a +0 halberd.
You hit the orc knight but do no damage.
The orc knight is severely wounded.
You block the orc knight's attack.
You hit the orc knight but do no damage.
The orc knight is severely wounded.
You block the orc knight's attack.
You closely miss the orc knight.
The orc knight is severely wounded.
You closely miss the orc knight.
The orc knight is severely wounded.
An orc warrior comes into view. It is wielding a +0 glaive.
You block the orc knight's attack.
The orc warrior shouts!
You hit the orc knight.
You feel better.
The orc knight is severely wounded.
The orc knight barely misses you.
You slash the orc knight!
You headbutt the orc knight, but do no damage.
The orc knight is severely wounded.
The orc knight hits you with a +0 halberd!!
* * * LOW HITPOINT WARNING * * *
You hit the orc knight but do no damage.
The orc knight is severely wounded.
The orc knight hits you with a +0 halberd!!
You die...

#...................≈≈≈
#..####........####..≈≈
##.#..####''####. #♣♣♣♣
###..)...........
##...8....8...#
#..########..# #))#
!?!"# .# #o.#.?[[$[ #
#.@#e.# #.)#..#
#..#...... #..##....#
#..# #++## #... ...8
.... .... $.## ###


You could see an orc knight and a deep elf pyromancer.

Vanquished Creatures
  Pikel (D:5)
  A steam dragon (D:7)
  A sky beast (D:6)
  2 black bears
  2 orc warriors (Bailey)
  2 centaurs
  A lemure (D:5)
  4 phantoms
  4 bullfrogs
  A kobold brigand (D:8)
  3 necrophages
  4 scorpions
  A jelly (D:6)
  2 hounds (D:6)
  2 iguanas
  Crazy Yiuf (D:2)
  4 orc wizards
  7 gnolls
  3 adders
  2 shadow imps
  A white imp (D:6)
  An ufetubus (D:4)
  3 dart slugs
  24 orcs
  7 endoplasms
  6 giant cockroaches
  5 goblins
  10 hobgoblins
  2 jackals (D:1)
  A quokka (D:2)
  2 ball pythons
  3 bats
  3 frilled lizards (D:1)
  11 kobolds
  3 rats (D:1)
130 creatures vanquished.

Vanquished Creatures (collateral kills)
  An ice beast (D:7)
  An iguana (D:7)
  An orc (Bailey)
  A kobold (D:8)
4 creatures vanquished.

Vanquished Creatures (others)
  An ancestor (Bailey)
  A kobold (D:8)
  A fungus (D:2)
  6 withered plants (D:5)
9 creatures vanquished.

Grand Total: 143 creatures vanquished

Notes
Turn   | Place    | Note
-------+----------+-------------------------------------------
     0 | D:1      | sanboga the Minotaur Fighter began the quest for the Orb.
     0 | D:1      | Reached XP level 1. HP: 19/19 MP: 0/0
   192 | D:1      | Reached XP level 2. HP: 27/27 MP: 1/1
   235 | D:1      | Reached skill level 3 in Axes
   570 | D:1      | Found a faded altar of an unknown god.
   591 | D:1      | Reached XP level 3. HP: 25/33 MP: 2/2
  1667 | D:2      | Found a runed translucent door.
  1668 | D:2      | Noticed Crazy Yiuf
  1674 | D:2      | Killed Crazy Yiuf
  1675 | D:2      | Reached XP level 4. HP: 40/40 MP: 3/3
  2129 | D:4      | Noticed a black bear
  2134 | D:4      | Killed a black bear
  2135 | D:4      | Reached skill level 4 in Axes
  2135 | D:4      | Reached XP level 5. HP: 44/47 MP: 4/4
  2435 | D:4      | Found a sacrificial altar of Ru.
  2509 | D:4      | Noticed a phantom
  2515 | D:4      | Killed a phantom
  2516 | D:4      | Reached skill level 5 in Axes
  2516 | D:4      | Reached XP level 6. HP: 47/55 MP: 5/5
  2627 | D:4      | Reached skill level 5 in Armour
  2830 | D:4      | Reached skill level 5 in Fighting
  2830 | D:4      | Reached skill level 5 in Shields
  2853 | D:4      | You are sucked into a shaft and drop 2 floors!
  2853 | D:6      | Found a glowing silver altar of Zin.
  2853 | D:6      | Found a shadowy altar of Dithmenos.
  2854 | D:6      | Found a stormy altar of Qazlal.
  2855 | D:6      | Found an ancient bone altar of Kikubaaqudgha.
  2855 | D:6      | Found a burning altar of Makhleb.
  2855 | D:6      | Found a broken altar of Ashenzari.
  2911 | D:6      | Noticed a sky beast
  2922 | D:6      | Killed a sky beast
  2987 | D:6      | Reached skill level 6 in Axes
  3037 | D:6      | Reached XP level 7. HP: 40/61 MP: 6/6
  3187 | D:5      | Entered Level 5 of the Dungeon
  3230 | D:5      | Found a runed translucent gate.
  3230 | D:5      | Found a runed translucent gate.
  3230 | D:5      | Found a runed translucent gate.
  3234 | D:5      | Noticed karrick's ghost (amateur GrFi)
  3234 | D:5      | Noticed TheSexyCheese's ghost (novice HOBe)
  3519 | D:5      | Noticed Pikel
  3529 | D:5      | Killed Pikel
  3530 | D:5      | Reached skill level 7 in Axes
  3530 | D:5      | Reached XP level 8. HP: 15/70 MP: 7/7
  4100 | D:5      | Reached skill level 8 in Axes
  4158 | D:5      | Found a staircase to the Ecumenical Temple.
  4178 | Temple   | Entered the Ecumenical Temple
  4426 | Temple   | Became a worshipper of Hepliaklqana the Forgotten
  5615 | D:7      | Reached * piety under Hepliaklqana
  5630 | D:7      | Reached skill level 9 in Axes
  5723 | D:7      | Found a shimmering altar of Xom.
  5763 | D:7      | Reached XP level 9. HP: 48/71 MP: 8/8
  6188 | D:7      | Identified the ring of Ysol {rElec rPois rF+++ Int-5
                  | Stlth+}
  6191 | D:7      | Lost intelligence.
  6343 | D:8      | Reached skill level 10 in Axes
  6380 | D:8      | Found a flagged portal.
  6392 | Bailey   | Entered a bailey
  6491 | Bailey   | Noticed an orc knight
  6494 | Bailey   | Found a large runed translucent door.
  6494 | Bailey   | Found a large runed translucent door.
  6495 | Bailey   | Noticed a deep elf pyromancer
  6527 | Bailey   | Demolished by an orc knight

Illustrated notes

Levels and vault maps discovered:
D:1:      dpeg_chamrin_arrival_tetris, layout_basic,
          shapermc_ecumenical_altar_mp_vishouse, st_stairs_5
D:2:      layout_basic, chequers_decorated_corner, uniq_crazy_yiuf_cottage
D:3:      layout_rooms
D:4:      layout_loops_ring, nicolae_ru_awakened_eye, kennysheep_generic_room_7
D:5:      layout_basic, minmay_temple_entry_stoned_glass,
          gammafunk_ghost_cemetery, bh_walls_and_bars, uniq_pikel
D:6:      layout_basic, grunt_temple_overflow_open
D:7:      layout_rooms, tgw_xom
D:8:      layout_layer_cave, dpeg_lair_monsters, enter_bailey_3, uniq_gastronok
Temple:   nicolae_temple_figure_eight
Bailey:   bailey_polearm_elven_captive_hellmonk, bailey

Skill      XL: |  1  2  3  4  5  6  7  8  9 |
---------------+----------------------------+-----
Axes           | 3 4 5 6 7 9 10 | 10.2
Armour         | 4 5 6 7 8 |  8.0
Shields        | 4 5 6 7 |  7.9
Fighting       | 4 5 6 7 |  7.9

Action                   |  1- 3 |  4- 6 |  7- 9 || total
-------------------------+-------+-------+-------++-------
Melee: War axe           |    69 |    65 |   110 ||   244
       Headbutt          |     6 |     9 |    43 ||    58
       Hand axe          |       |       |   136 ||   136
Invok: Ancestor Identity |       |       |     1 ||     1
       Recall Ancestor   |       |       |     1 ||     1
  Use: Potion            |       |       |     3 ||     3
       Scroll            |       |       |    12 ||    12
 Stab: Distracted        |       |       |     1 ||     1
Armor: Scale mail        |    38 |       |       ||    38
       Chain mail        |     2 |    50 |    74 ||   126
       Plate armour      |       |       |    29 ||    29
Dodge: Dodged            |    34 |    23 |    63 ||   120
Block: Buckler           |    13 |    19 |   127 ||   159
       Reflection        |       |       |     9 ||     9
